AoeStats
← Stu Popz

Nomad

506696581Analyzed
4v4 RM · 18d ago on Sep 14, 2026· 53m 48s· 8 players
Game mode
Random Map
Map size
231×231
Population
200
Speed
Normal
Resources
Standard
Victory
Conquest
Starting age
Dark Age
Ending age
Imperial Age
RankedLock teamsTeams togetherTeam positionsShared explorationLock speedFull tech treeHidden civsTurbo modeCheats
Victory
Defeat
🇬🇧 Sicilians · United Kingdom
1006
+16
🇬🇧 Ethiopians · United Kingdom
1005
+16
🇬🇧 Malay · United Kingdom
964
+18
🇬🇧 Huns · United Kingdom
935
+43
🇩🇰 Franks · Denmark
1026
-18
🇩🇰 Britons · Denmark
1024
-18
🇩🇰 Persians · Denmark
1014
-18
🇩🇰 Inca · Denmark
971
-16
VeteranBluenose
4:09 Loom
14:12 Feudal Age
16:40 Double-Bit Axe
18:26 Wheelbarrow
17:58 Scale Mail Armor
18:08 Forging
18:54 Gold Mining
20:36 Fletching
23:26 Castle Age
24:52 Chain Mail Armor
24:28 Pikeman
32:44 Imperial Age
32:17 Bodkin Arrow
34:18 Conscription
34:04 Elite Serjeant
34:11 Elite Serjeant
36:01 Plate Mail Armor
36:14 Halberdier
39:53 Iron Casting
40:44 Bow Saw
44:36 Hand Cart
44:26 Arrowslits
45:45 Blast Furnace
44:47 Bracer
The Mighty BM
12:52 Loom
15:12 Feudal Age
19:37 Wheelbarrow
23:32 Castle Age
21:33 Fishing Lines
25:17 Hand Cart
24:52 Double-Bit Axe
24:49 Horse Collar
25:20 Scale Barding Armor
28:26 Gillnets
28:06 Light Cavalry
35:27 Bloodlines
35:19 Husbandry
38:04 Marauders
39:18 Chain Barding Armor
39:13 Forging
54:56 Imperial Age
Stu Popz
5:22 Loom
14:50 Feudal Age
15:27 Double-Bit Axe
23:19 Castle Age
22:09 Fishing Lines
22:13 Horse Collar
23:28 Crossbowman
24:11 Padded Archer Armor
24:02 Fletching
28:18 Wheelbarrow
34:24 Hand Cart
34:24 Bow Saw
38:37 Imperial Age
36:13 Bodkin Arrow
36:34 Leather Archer Armor
36:20 Scale Mail Armor
38:07 Thumb Ring
40:50 Ring Archer Armor
40:22 Bracer
41:47 Conscription
42:34 Halberdier
43:24 Town Watch
43:15 Arbalester
43:22 Elite Skirmisher
49:12 Ballistics
49:53 Chemistry
53:13 Ring Archer Armor
52:54 Forging
53:00 Chain Mail Armor
Clockwork Geoff
3:44 Loom
15:01 Feudal Age
18:00 Double-Bit Axe
22:41 Castle Age
24:49 Pikeman
26:37 Forging
35:03 Imperial Age
33:32 Wheelbarrow
33:19 Horse Collar
36:25 Scale Barding Armor
38:40 Iron Casting
39:56 Chemistry
47:47 Elite Karambit Warrior
devrim4429
16:13 Feudal Age
20:37 Castle Age
20:14 Double-Bit Axe
22:31 Forging
22:28 Scale Barding Armor
42:28 Gold Mining
42:29 Stone Mining
47:31 Imperial Age
46:08 #83
sezayi83
14:23 Feudal Age
23:25 Castle Age
30:21 Double-Bit Axe
30:46 Horse Collar
38:13 Imperial Age
39:50 Forging
39:40 Scale Mail Armor
40:37 Pikeman
41:17 Squires
41:28 Halberdier
Yavuz
5:36 Loom
13:29 Feudal Age
14:14 Double-Bit Axe
16:59 Castle Age
16:32 Horse Collar
21:15 Wheelbarrow
22:28 Gold Mining
24:26 Forging
25:21 Stone Mining
26:24 Hand Cart
26:41 Bloodlines
27:07 Iron Casting
29:02 Ballistics
30:12 Scale Barding Armor
33:47 Imperial Age
32:12 Husbandry
32:34 Chain Barding Armor
35:41 Chemistry
37:30 Heavy Scorpion
38:33 Bow Saw
40:30 Cavalier
43:44 Plate Barding Armor
44:10 Blast Furnace
44:06 Gold Shaft Mining
50:07 Stone Mining
oz
6:32 Loom
18:09 Feudal Age
19:47 Wheelbarrow
23:54 Castle Age
22:20 Gold Mining
22:21 Double-Bit Axe
22:49 Town Watch
23:38 Fletching
23:49 Padded Archer Armor
25:20 Bow Saw
24:42 Crossbowman
25:31 Bodkin Arrow
37:03 Horse Collar
40:13 Yeomen
40:17 Heavy Plow
43:40 Imperial Age
43:18 Ballistics
45:35 Chemistry
45:14 Arbalester
52:40 Two-Man Saw
Connection lost

Rejoining the realm…

Still unreachable

The connection could not be restored.

Session expired

The server has moved on; the page needs a fresh start.